 Dungeon Crawl Stone Soup version 0.29.0-15-g675c0067aa (webtiles) character file.

Game seed: 7630341675529571289

750 qw the Chopper (level 7, -2/44 HPs)
             Began as a Gargoyle Fighter on Sept 12, 2022.
             Slain by a gnoll bouda
             ... wielding a +0 whip
              (7 damage)
             ... on level 7 of the Dungeon.
             The game lasted 00:01:35 (3936 turns).

qw the Chopper (Gargoyle Fighter)                   Turns: 3936, Time: 00:01:36

Health: -2/44      AC: 17    Str: 22    XL:     7   Next: 78%
Magic:  7/7        EV:  7    Int:  8    God:
Gold:   257        SH:  4    Dex:  9    Spells: 6/6 levels left

rFire   . . .      SeeInvis +   Y - +2 broad axe (vorpal)
rCold   . . .      Faith    .   c - +0 buckler
rNeg    + . .      Spirit   .   q - +0 chain mail
rPois   inf        Reflect  .   m - +0 helmet
rElec   +          Harm     .   (no cloak)
rCorr   .          Rampage  .   (no gloves)
Will    .....      Clarity  +   (no boots)
Stlth   ..........              (no amulet)
HPRegen 0.14/turn               e - ring of see invisible
MPRegen 0.10/turn               (no ring)

@: weakened
A: sickness immunity, AC +4, negative energy resistance 1, electricity
resistance, torment resistance 1, petrification resistance, iridescent scales 1,
clarity
a: no special abilities


You were on level 7 of the Dungeon.
You visited 1 branch of the dungeon, and saw 6 of its levels.

You collected 257 gold pieces.


Innate Abilities, Weirdness & Mutations

You are immune to sickness and miasma.
Your stone body is resilient. (AC +4)
You are immune to poison.
You resist negative energy. (rN+)
You are resistant to electric shocks. (rElec)
You are resistant to unholy torment.
You are immune to petrification.
You are partially covered in iridescent scales. (AC +2)
You possess an exceptional clarity of mind.


   Skills:
 - Level 5.0 Fighting
 - Level 7.0 Axes
 + Level 0.0 Throwing
 - Level 3.2 Armour
 - Level 1.1 Dodging
 - Level 3.2 Shields


You had 6 spell levels left.
You didn't know any spells.
Your spell library was empty.

Inventory:

Hand Weapons
 b - a +0 morningstar of protection
 Y - a +2 vorpal broad axe (weapon)
Missiles
 i - a boomerang (quivered)
Armour
 c - a +0 buckler (worn)
 m - a +0 helmet (worn)
 q - a +0 chain mail (worn)
Jewellery
 e - a ring of see invisible (left hand)
Scrolls
 f - a scroll of identify
Potions
 a - a potion of mutation
 d - a potion of might
 h - 3 potions of curing
 k - a potion of lignification
 l - a potion of haste

Dungeon Overview and Level Annotations

Branches:
Dungeon (7/15)
 Temple: D:4-7

Altars:
Makhleb
Sif Muna
Trog
Uskayaw


Message History

The scorpion is moderately wounded.
You hit the gnoll. You slash the gnoll! You completely miss the gnoll bouda.
The gnoll bouda calls upon its god to heal the gnoll.
The gnoll's wounds heal themselves!
The scorpion closely misses you. The gnoll barely misses you.
The gnoll hits you but does no damage. The gnoll hits you with a +0 whip.
You block the gnoll's attack.
The gnoll bouda hits you but does no damage.
The scorpion barely misses you. The gnoll hits you but does no damage.
You hit the gnoll.
The gnoll is almost dead.
You hit the gnoll but do no damage. You barely miss the scorpion.
You slash the gnoll! You hit the gnoll bouda. The gnoll barely misses you.
The gnoll hits you but does no damage. The scorpion stings you.
The gnoll hits you but does no damage.
The gnoll bouda hits you with a +0 whip.
The gnoll hits you but does no damage. The gnoll barely misses you.
The gnoll hits you but does no damage.
You slash the gnoll!
You kill the gnoll!
You hit the gnoll bouda but do no damage.
You barely miss the gnoll. You closely miss the scorpion.
You completely miss the gnoll. The scorpion stings you.
The gnoll hits you with a +0 club.
The gnoll bouda hits you but does no damage.
The gnoll hits you with a +0 club. The gnoll barely misses you.
You block the scorpion's attack.
You hit the gnoll.
You kill the gnoll!
You hit the scorpion. You hit the gnoll bouda. You closely miss the gnoll.
The gnoll bouda hits you with a +0 whip.
The scorpion stings you but does no damage.
The gnoll hits you from afar with a +0 spear!
The gnoll barely misses you.
Your Fighting skill increases to level 5!
You closely miss the scorpion.
The scorpion is heavily wounded.
You hit the gnoll but do no damage. You hit the gnoll bouda.
The scorpion closely misses you.
The gnoll bouda hits you with a +0 whip!
You die...

#.................#
#....##..<.........#
#....#
###..##......# #...#
#####......# ##..
##.....# ## .
###....#..#
...#####...#### ..#
#........### ..
#....g@s.# .
##...g.)...#
#....g.....#
#.........).#
#.............#
#..............
#...............
#.#............


You could see a gnoll bouda, a scorpion and 2 gnolls.

Vanquished Creatures
  An ogre (D:4)
  5 killer bees (D:7)
  3 orc priests
  A hound (D:4)
  A jelly (D:7)
  An orc wizard (D:4)
  A scorpion zombie (D:4)
  A hound zombie (D:4)
  Robin (D:3)
  6 gnolls
  3 adders
  A shadow imp (D:3)
  An ufetubus (D:3)
  An adder zombie (D:4)
  An adder skeleton (D:4)
  11 orcs
  6 endoplasms
  4 giant cockroaches
  14 goblins
  9 hobgoblins
  9 jackals
  4 quokkas
  6 ball pythons
  10 bats
  5 frilled lizards
  A jackal zombie (D:4)
  7 kobolds
  6 rats
120 creatures vanquished.

Vanquished Creatures (collateral kills)
  An endoplasm (D:1)
  A jackal (D:1)
2 creatures vanquished.

Vanquished Creatures (others)
  2 demonic plants (D:1)
  4 toadstools (D:1)
  6 withered plants (D:4)
12 creatures vanquished.

Grand Total: 134 creatures vanquished

Notes
Turn   | Place    | Note
-------+----------+-------------------------------------------
     0 | D:1      | qw the Gargoyle Fighter began the quest for the Orb.
     0 | D:1      | Reached XP level 1. HP: 14/14 MP: 1/1
     0 | D:1      | 0 ||| qw: Version: 0.1-a-119-g272c26d
     0 | D:1      | 0 ||| qw: Game counter: 10880
     0 | D:1      | 0 ||| qw: Always use a shield: true
     0 | D:1      | 0 ||| qw: God list: Okawaru
     0 | D:1      | 0 ||| qw: Allow faded altars: false
     0 | D:1      | 0 ||| qw: Do Orc after D:15 true
     0 | D:1      | 0 ||| qw: Do second Lair branch before Depths: true
     0 | D:1      | 0 ||| qw: Lair rune preference: random
     0 | D:1      | 0 ||| qw: Plans: Normal, Zot, God:TSO, Crypt, Tomb, Pan,
                  | Slime, Hells, Zig, Abyss, Orb
     0 | D:1      | 0 ||| PLANNING D:1-11
    30 | D:1      | Reached skill level 2 in Axes
   102 | D:1      | Reached XP level 2. HP: 19/19 MP: 2/2
   200 | D:1      | 200 ||| Stepping ~*~*~tactically~*~*~ (stealth).
   687 | D:1      | Found a faded altar of an unknown god.
   687 | D:1      | Noticed a hellwing
   688 | D:1      | 688 ||| READING scroll labelled QOGRAO VEUSA.
   703 | D:1      | Reached skill level 3 in Axes
   705 | D:1      | 705 ||| READING 3 scrolls labelled ITTIUSKYAR.
   706 | D:1      | 706 ||| READING scroll labelled TIGABLIHUMUPT.
   707 | D:1      | 707 ||| READING 2 scrolls of identify.
   707 | D:1      | 707 ||| IDENTIFYING white potion
   714 | D:1      | Reached XP level 3. HP: 23/23 MP: 3/3
   714 | D:1      | 714 ||| Stepping randomly (stuck).
   715 | D:1      | 715 ||| Stepping randomly (stuck).
   742 | D:1      | 742 ||| Stepping ~*~*~tactically~*~*~ (stealth).
  1496 | D:2      | 1496 ||| Stepping ~*~*~tactically~*~*~ (stealth).
  1568 | D:2      | 1568 ||| Stepping ~*~*~tactically~*~*~ (stealth).
  1572 | D:2      | Reached XP level 4. HP: 28/28 MP: 4/4
  1599 | D:2      | 1599 ||| Stepping ~*~*~tactically~*~*~ (stealth).
  1602 | D:2      | 1602 ||| Stepping ~*~*~tactically~*~*~ (stealth).
  1605 | D:2      | 1605 ||| Stepping ~*~*~tactically~*~*~ (stealth).
  1651 | D:2      | Reached skill level 4 in Axes
  1692 | D:2      | 1692 ||| Stepping ~*~*~tactically~*~*~ (stealth).
  1700 | D:2      | 1700 ||| Stepping ~*~*~tactically~*~*~ (stealth).
  1705 | D:2      | 1705 ||| Stepping ~*~*~tactically~*~*~ (stealth).
  1762 | D:2      | 1762 ||| DROPPING +0 whip.
  1764 | D:2      | 1764 ||| Stepping ~*~*~tactically~*~*~ (hiding).
  1776 | D:2      | 1776 ||| FLEEEEING.
  1946 | D:2      | Found a shimmering blue altar of Sif Muna.
  2007 | D:2      | 2007 ||| UPGRADING to ring of see invisible.
  2008 | D:2      | 2008 ||| DROPPING ring of wizardry.
  2009 | D:2      | 2009 ||| READING scroll labelled TITIOPT ERGHA.
  2010 | D:2      | 2010 ||| DRINKING 2 sedimented sapphire potions.
  2010 | D:2      | Gained mutation: You possess an exceptional clarity of
                  | mind. [potion of mutation]
  2010 | D:2      | Gained mutation: You are partially covered in iridescent
                  | scales. (AC +2) [potion of mutation]
  2011 | D:2      | 2011 ||| DRINKING 3 sedimented cyan potions.
  2012 | D:2      | 2012 ||| DRINKING 2 inky potions.
  2013 | D:2      | 2013 ||| READING 2 scrolls of identify.
  2013 | D:2      | 2013 ||| IDENTIFYING silvery potion
  2014 | D:2      | 2014 ||| DROPPING potion of brilliance.
  2036 | D:3      | 2036 ||| STAIRDANCE
  2155 | D:3      | Reached XP level 5. HP: 27/32 MP: 5/5
  2272 | D:3      | 2272 ||| Stepping ~*~*~tactically~*~*~ (stealth).
  2273 | D:3      | 2273 ||| Stepping ~*~*~tactically~*~*~ (stealth).
  2274 | D:3      | Noticed Robin
  2275 | D:3      | 2275 ||| Stepping ~*~*~tactically~*~*~ (stealth).
  2312 | D:3      | Killed Robin
  2421 | D:3      | Reached skill level 5 in Axes
  2486 | D:3      | 2486 ||| DROPPING +0 flail.
  2854 | D:3      | 2854 ||| Stepping ~*~*~tactically~*~*~ (stealth).
  2923 | D:3      | Found a hide-covered altar of Uskayaw.
  2923 | D:3      | Found a burning altar of Makhleb.
  2923 | D:3      | Found a bloodstained altar of Trog.
  3060 | D:3      | 3060 ||| UPGRADING to +0 helmet.
  3065 | D:3      | 3065 ||| UPGRADING to +0 chain mail.
  3075 | D:3      | 3075 ||| DROPPING +0 scale mail.
  3076 | D:3      | 3076 ||| READING scroll labelled ROEBLOFIVU.
  3076 | D:3      | Identified a scroll of acquirement
  3076 | D:3      | 3076 ||| ACQUIRING +2 vorpal broad axe
  3076 | D:3      | Acquired a +2 vorpal broad axe
  3078 | D:3      | 3078 ||| SWAPPING to +2 vorpal broad axe.
  3079 | D:3      | 3079 ||| DROPPING +0 war axe.
  3080 | D:3      | 3080 ||| READING scroll labelled GEBBYR ZYAM.
  3085 | D:3      | 3085 ||| READING scroll labelled DAOM UHUASOPH.
  3086 | D:3      | 3086 ||| READING scroll labelled WAUSEKKEMM.
  3087 | D:3      | 3087 ||| READING 2 scrolls of identify.
  3087 | D:3      | 3087 ||| IDENTIFYING coppery potion
  3156 | D:4      | Reached XP level 6. HP: 38/38 MP: 6/6
  3158 | D:4      | 3158 ||| Stepping ~*~*~tactically~*~*~ (stealth).
  3160 | D:4      | 3160 ||| Stepping ~*~*~tactically~*~*~ (stealth).
  3168 | D:4      | 3168 ||| Stepping ~*~*~tactically~*~*~ (stealth).
  3218 | D:4      | Reached skill level 6 in Axes
  3408 | D:4      | 3408 ||| DROPPING +1 flail of draining.
  3542 | D:4      | 3542 ||| Stepping ~*~*~tactically~*~*~ (hiding).
  3559 | D:4      | Reached skill level 1 in Dodging
  3645 | D:4      | You fall into a shaft and drop 3 floors!
  3646 | D:7      | 3646 ||| PLANNING OSSUARY
  3679 | D:7      | Reached XP level 7. HP: 43/43 MP: 7/7
  3703 | D:7      | 3703 ||| Stepping ~*~*~tactically~*~*~ (hiding).
  3781 | D:7      | 3781 ||| Stepping ~*~*~tactically~*~*~ (stealth).
  3782 | D:7      | 3782 ||| Stepping ~*~*~tactically~*~*~ (stealth).
  3795 | D:7      | 3795 ||| Stepping ~*~*~tactically~*~*~ (stealth).
  3797 | D:7      | 3797 ||| Stepping ~*~*~tactically~*~*~ (stealth).
  3799 | D:7      | 3799 ||| Stepping ~*~*~tactically~*~*~ (stealth).
  3805 | D:7      | Reached skill level 7 in Axes
  3812 | D:7      | HP: 8/44 [killer bee (5)]
  3813 | D:7      | 3813 ||| READING scroll of teleportation.
  3814 | D:7      | 3814 ||| DRINKING potion of heal wounds.
  3822 | D:7      | 3822 ||| FLEEEEING.
  3823 | D:7      | 3823 ||| FLEEEEING.
  3824 | D:7      | 3824 ||| FLEEEEING.
  3825 | D:7      | 3825 ||| FLEEEEING.
  3826 | D:7      | 3826 ||| FLEEEEING.
  3827 | D:7      | 3827 ||| FLEEEEING.
  3829 | D:7      | 3829 ||| STAIRDANCE
  3911 | D:6      | 3911 ||| READING 2 scrolls of identify.
  3911 | D:6      | 3911 ||| IDENTIFYING grey potion
  3912 | D:6      | 3912 ||| DROPPING potion of ambrosia.
  3923 | D:7      | 3923 ||| Stepping ~*~*~tactically~*~*~ (stealth).
  3925 | D:7      | 3925 ||| Stepping ~*~*~tactically~*~*~ (hiding).
  3935 | D:7      | HP: 11/44 [gnoll bouda/+0 whip (6)]
  3935 | D:7      | HP: 4/44 [gnoll/+0 spear[a gnoll bouda] (7)]
  3936 | D:7      | Slain by a gnoll bouda

Levels and vault maps discovered:
D:1:      ldierk_water_garden, layout_basic,
          dreamdust_ecumenical_altar_sealed_demon, st_stairs_5,
          serial_bayou_crossing
D:2:      layout_basic, basic_altar
D:3:      layout_basic, gammafunk_temple_overflow_claw, skrybe_limestone_x,
          uniq_robin
D:4:      layout_loops_corners, minmay_temple_entry_trees, serial_undead,
          serial_undead_c, serial_undead_f, serial_undead_d, serial_undead_e,
          serial_undead_d, serial_undead_b, serial_undead_f, serial_undead_c,
          kennysheep_small_square
D:6:      layout_basic, uniq_pikel
D:7:      layout_cave_pods, nicolae_ossuary_entry_catacombs,
          minmay_misc_feat_pillars, uniq_joseph, uniq_maggie

Skill      XL: |  1  2  3  4  5  6  7 |
---------------+----------------------+-----
Axes           | 2 3 4 5 6 7 |  7.0
Fighting       | 4 5 |  5.0
Dodging        | 1 |  1.1
Armour         | |  3.2
Shields        | |  3.2

Action                   |  1- 3 |  4- 6 |  7- 9 || total
-------------------------+-------+-------+-------++-------
Melee: War axe           |    84 |   101 |       ||   185
       Broad axe         |       |    51 |    32 ||    83
Throw: Boomerang         |    35 |    53 |     1 ||    89
  Use: Scroll            |     4 |     7 |     2 ||    13
       Potion            |       |     3 |     1 ||     4
Armor: Scale mail        |    37 |    53 |       ||    90
       Chain mail        |       |    42 |    46 ||    88
Dodge: Dodged            |    50 |    63 |    32 ||   145
Block: Buckler           |    17 |    25 |    13 ||    55

Table legend:
 A = Non-vault XP
 B = Vault XP
 C = Vault XP percentage of total XP
 D = Non-vault monster count
 E = Vault monster count
 F = Vault count percentage of total count
                 A         B        C        D         E       F
            +---------+---------+-------+---------+---------+-------
      Total |     969 |     103 |   9.6 |     103 |      19 |  15.6
            +---------+---------+-------+---------+---------+-------
        D:1 |      44 |       4 |   8.3 |      26 |       3 |  10.3
        D:2 |     110 |       0 |   0.0 |      30 |       0 |   0.0
        D:3 |     109 |      33 |  23.2 |      26 |      11 |  29.7
        D:4 |     224 |      66 |  22.8 |       9 |       5 |  35.7
        D:7 |     482 |       0 |   0.0 |      12 |       0 |   0.0
            +---------+---------+-------+---------+---------+-------
